 Dungeon Crawl Stone Soup version 0.23.2-33-g5129a83184 (webtiles) character file.

Game seed: 3967877853190233521

120 AarnesTheHuman the Ruffian (level 4, -1/44 HPs)
             Began as a Troll Berserker on July 15, 2019.
             Was a Believer of Trog.
             Slain by an ogre
             ... wielding a +0 giant club
              (11 damage)
             ... on level 4 of the Dungeon.
             The game lasted 00:14:47 (3595 turns).

AarnesTheHuman the Ruffian (Troll Berserker)        Turns: 3595, Time: 00:14:48

Health: -1/44      AC:  6    Str: 26    XL:     4   Next: 75%
Magic:  3/3        EV: 10    Int:  3    God:    Trog [**....]
Gold:   186        SH:  5    Dex:  9    Spells: 3/3 levels left

rFire    . . .     SeeInvis .     - Unarmed
rCold    . . .     Gourm    +   (no shield)
rNeg     . . .     Faith    .   k - +0 robe
rPois    .         Spirit   .   (helmet restricted)
rElec    .         Reflect  +   (no cloak)
rCorr    .         Harm     .   (gloves unavailable)
MR       +....                  (boots unavailable)
Stlth    +.........             A - +5 amulet of reflection
HPRegen  0.54/turn              n - ring of protection from magic
MPRegen  0.08/turn              (no ring)

@: no status effects
A: large, unfitting armour, claws 3, fast metabolism 3, gourmand, regeneration
1, shaggy fur 1, tough skin 3
a: Berserk, Trog's Hand, Renounce Religion


You were on level 4 of the Dungeon.
You worshipped Trog.
Trog was pleased with you.
You were hungry.

You visited 1 branch of the dungeon, and saw 4 of its levels.

You collected 186 gold pieces.

Inventory:

Missiles
 i - 83 stones
 o - 4 large rocks (quivered)
 p - 21 sling bullets
 s - 45 bolts
 u - 23 poisoned needles
 z - 9 arrows
 C - 8 needles of sleeping
Armour
 k - a +0 robe (worn)
Jewellery
 n - a ring of protection from magic (left claw)
 A - a +5 amulet of reflection (around neck)
Wands
 a - a wand of disintegration (6)
Scrolls
 c - 5 scrolls of identify
 f - 3 scrolls of teleportation
 q - 2 scrolls of fear {unknown}
 r - a scroll of random uselessness {unknown}
 v - a scroll of remove curse {unknown}
 y - a scroll of noise {unknown}
 B - a scroll of fog {unknown}
Potions
 d - 3 potions of curing
 e - a potion of degeneration {unknown}
 j - a potion of berserk rage {unknown}
 m - 2 potions of flight {unknown}
 t - 2 potions of mutation {unknown}
Comestibles
 b - 5 rations


   Skills:
 + Level 2.9 Fighting
 + Level 0.2 Throwing
 + Level 0.2 Armour
 + Level 3.2 Dodging
 + Level 4.2 Unarmed Combat


You had 3 spell levels left.
You didn't know any spells.
Your spell library was empty.

Dungeon Overview and Level Annotations

Branches:
Dungeon (4/15)
 Temple: D:4-7

Altars:
Qazlal


Innate Abilities, Weirdness & Mutations

You are too large for most types of armour.
You have claws for hands.
Your metabolism is lightning-fast.
You like to eat raw meat.
Your natural rate of healing is unusually fast.
You are covered in fur. (AC +1)
You have extremely tough skin. (AC +3)


Message History

Trog accepts your kill.
You see here a bat corpse.
There is a stone staircase leading down here.
Done exploring.
You see here a bat corpse.
You see here a bat corpse.
There is a stone staircase leading down here.
You climb downwards.
An ogre comes into view. It is wielding a +0 giant club.
There is a stone staircase leading up here.
You can't go down here!
The ogre hits you with a +0 giant club!
You claw the ogre!
The ogre is heavily wounded.
The ogre hits you with a +0 giant club!!
* * * LOW HITPOINT WARNING * * *
You scratch the ogre.
The ogre is severely wounded.
The ogre hits you with a +0 giant club!
You die...

........
......#
.....#
#....#
+....#
#....#
#...O#
#.<.@#
######


You could see an ogre.

Vanquished Creatures
  A gnoll (D:1)
  3 adders
  An ooze (D:2)
  3 worms (D:2)
  4 dart slugs
  4 leopard geckos
  2 giant cockroaches
  6 goblins
  5 hobgoblins
  5 jackals
  A quokka (D:3)
  9 bats
  3 frilled lizards
  9 kobolds
  5 rats
61 creatures vanquished.

Notes
Turn   | Place    | Note
-------+----------+-------------------------------------------
     0 | D:1      | AarnesTheHuman the Troll Berserker began the quest for the
                  | Orb.
     0 | D:1      | Reached XP level 1. HP: 22/22 MP: 0/0
   180 | D:1      | Reached XP level 2. HP: 14/29 MP: 1/1
   479 | D:1      | Reached XP level 3. HP: 36/36 MP: 2/2
   541 | D:1      | Reached ** piety under Trog
  1925 | D:2      | Reached XP level 4. HP: 37/44 MP: 3/3
  1930 | D:2      | Reached skill level 4 in Unarmed Combat
  2930 | D:3      | Found a stormy altar of Qazlal.
  3591 | D:4      | Noticed an ogre
  3595 | D:4      | Slain by an ogre

Skill      XL: |  1  2  3  4 |
---------------+-------------+-----
Dodging        | 3 |  3.2
Unarmed Combat | 4 |  4.2
Fighting       | |  2.9
Throwing       | |  0.2
Armour         | |  0.2

Action                   |  1- 3 |  4- 6 || total
-------------------------+-------+-------++-------
Melee: Unarmed           |   112 |    52 ||   164
       Punch             |     2 |     1 ||     3
  Use: Scroll            |     1 |     2 ||     3
  Eat: Chunk             |    16 |     3 ||    19
       Ration            |       |     3 ||     3
Armor: Animal skin       |    38 |       ||    38
       Robe              |    31 |    31 ||    62
Dodge: Dodged            |    98 |    36 ||   134
